 Dungeon Crawl Stone Soup version 0.28-a0-863-g8cecda6153 (webtiles) character file.

Game seed: 8008590748163260852

245 horus123 the Shield-Bearer (level 5, 0/41 HPs)
             Began as a Demonspawn Abyssal Knight on Nov 19, 2021.
             Was a Believer of Lugonu.
             Slain by an orc wizard (2 damage)
             ... on level 4 of the Dungeon.
             The game lasted 00:06:35 (3500 turns).

horus123 the Shield-Bearer (DsAK)                   Turns: 3500, Time: 00:06:35

Health: 0/41       AC:  5    Str: 13    XL:     5   Next: 83%
Magic:  8/8        EV:  9    Int: 12    God:    Lugonu [**....]
Gold:   101        SH:  0    Dex: 14    Spells: 6/7 levels left

rFire   . . .      SeeInvis .   a - +2 mace
rCold   . . .      Faith    .   f - +2 kite shield
rNeg    . . .      Spirit   .   b - +0 leather armour
rPois   .          Reflect  .   (no helmet)
rElec   .          Harm     .   i - +0 cloak
rCorr   .          Rampage  .   m - +0 pair of gloves
Will    .....                   (no boots)
Stlth   +.........              (no amulet)
HPRegen 0.13/turn               e - ring of wizardry
MPRegen 0.11/turn               (no ring)

@: confused
A: hooves 2, condensation shield
a: Renounce Religion, Depart the Abyss, Bend Space


You were on level 4 of the Dungeon.
You worshipped Lugonu.
Lugonu was pleased with you.
You visited 1 branch of the dungeon, and saw 4 of its levels.
You visited the Abyss 1 time.

You collected 101 gold pieces.

Inventory:

Hand Weapons
 a - a +2 mace (weapon)
Armour
 b - a +0 leather armour (worn)
 f - a +2 kite shield (worn)
 h - a +0 ring mail
 i - a +0 cloak (worn)
 m - a +0 pair of gloves (worn)
Jewellery
 e - a ring of wizardry (left hand)
Wands
 d - a wand of flame (12)
Potions
 c - a potion of attraction
 g - 2 potions of berserk rage
 j - a potion of ambrosia {unknown}
 l - a potion of mutation {unknown}
 o - a potion of degeneration {unknown}
 p - a potion of curing {unknown}
 q - a potion of heal wounds {unknown}


   Skills:
 - Level 3.0 Fighting
 - Level 1.7 Maces & Flails
 - Level 1.7 Armour
 - Level 0.8 Dodging
 + Level 4.2 Shields
 - Level 1.7 Spellcasting
 - Level 4.0 Invocations


You had 6 spell levels left.
You knew the following spells:

 Your Spells              Type           Power      Damage    Failure   Level
a - Pain                  Necr           4%         1d4       47%         1

Your spell library contained the following spells:

 Spells                   Type           Power      Damage    Failure   Level
 Agony                    Necr           1%         N/A       100%        5
 Excruciating Wounds      Necr           0%         N/A       100%        5


Dungeon Overview and Level Annotations

Branches:
Dungeon (4/15)
 Temple: D:4-7

Altars:
Ru

Shops:
D:1 (   D:2 (   D:3 *


Innate Abilities, Weirdness & Mutations

You have hoof-like feet.
A meltable shield of frost defends you. (SH +4)


Message History

The orc wizard is moderately wounded.
The orc wizard barely misses you. The orc hits you but does no damage.
You block the orc wizard's attack.
You hit the orc wizard.
The orc wizard is heavily wounded.
The orc closely misses you.
The orc wizard gestures wildly while chanting.
The orc wizard flickers and vanishes!
Deactivating autopickup; reactivate with Ctrl-A.
The orc barely misses you.
You hit something but do no damage. You kick something.
Something hits you but does no damage. The orc barely misses you.
You block something's attack.
You closely miss something. The orc hits you but does no damage.
You hear some strange, mumbled words.
A magic dart appears from out of thin air!
The magic dart hits you. You block the orc's attack. Something hits you.
You completely miss something. You block the orc's attack. Something hits you.
You hit something. Your kick misses something.
The orc hits you with a +0 short sword. Something hits you.
The orc hits you but does no damage. Something hits you.
You miss something. You kick something. The orc hits you with a +0 short sword.
* * * LOW HITPOINT WARNING * * *
You hear some strange, mumbled words.
You are confused.
You hit something but do no damage. The orc hits you but does no damage.
Something hits you but does no damage. The orc hits you with a +0 short sword.
* * * LOW HITPOINT WARNING * * *
You hear some strange, mumbled words.
A puff of flame appears from out of thin air!
The puff of flame misses you.
You completely miss something. You kick something.
The orc hits you with a +0 short sword.
* * * LOW HITPOINT WARNING * * *
You hear some strange, mumbled words.
Something tries to affect you, but you resist.
The orc hits you with a +0 short sword.
* * * LOW HITPOINT WARNING * * *
Something hits you.
You die...

.## ##.# #......# .#
#.## #......# ## ##.#
##......# # #.## ####
#........ # ##.##
#####..# #........
#..###......###$.......
##...............#####.
###.....{......#### #.
#......@).....## #.
#......o......# ####.
##............# #....
#............# #....
###...........## #....
###.............# ##...
###....###.......##
##.. ###...####
##.....## ##. ###...###
##...## ##


You could see an orc.

Vanquished Creatures
  A howler monkey (D:4)
  An orc priest (D:4)
  A hound (D:4)
  Terence (D:3)
  A hound skeleton (D:4)
  4 adders
  An adder skeleton (D:4)
  A worm (D:2)
  4 dart slugs
  8 endoplasms
  2 giant cockroaches
  6 goblins
  4 hobgoblins
  4 jackals (D:1)
  7 kobolds
  5 quokkas
  4 ball pythons
  4 bats
  5 frilled lizards
  4 rats
68 creatures vanquished.

Notes
Turn   | Place    | Note
-------+----------+-------------------------------------------
     0 | Abyss:1  | horus123 the Demonspawn Abyssal Knight began the quest for
                  | the Orb.
     0 | Abyss:1  | Reached XP level 1. HP: 18/18 MP: 2/2
    73 | Abyss:1  | Noticed a chaos spawn
    73 | Abyss:1  | Noticed a hell hog
    74 | D:1      | Escaped the Abyss
   122 | D:1      | Reached * piety under Lugonu
   350 | D:1      | Gained mutation: You have large cloven feet. [demonic
                  | ancestry]
   350 | D:1      | Reached XP level 2. HP: 19/24 MP: 4/4
   493 | D:1      | Found Nutacint's Antique Weapon Emporium.
   515 | D:1      | Learned a level 1 spell: Pain
   787 | D:1      | Reached skill level 1 in Spellcasting
   904 | D:1      | Gained mutation: A meltable shield of frost defends you.
                  | (SH +4) [demonic ancestry]
   904 | D:1      | Reached XP level 3. HP: 29/29 MP: 6/6
  1425 | D:2      | Reached skill level 1 in Shields
  1588 | D:2      | Found a faded altar of an unknown god.
  1782 | D:2      | Reached XP level 4. HP: 32/35 MP: 7/7
  1793 | D:2      | Reached ** piety under Lugonu
  1934 | D:2      | Found Xugigabbec's Weapon Shop.
  2092 | D:2      | Found a sacrificial altar of Ru.
  2360 | D:3      | Found Keaxzaba's General Store.
  2602 | D:3      | Noticed Terence
  2630 | D:3      | Killed Terence
  3316 | D:4      | Gained mutation: You have hoof-like feet. [demonic
                  | ancestry]
  3316 | D:4      | Reached XP level 5. HP: 41/41 MP: 8/8
  3500 | D:4      | HP: 2/41 [orc (2)]
  3500 | D:4      | Slain by an orc wizard

Illustrated notes

Levels and vault maps discovered:
D:1:      ebering_trefoil_twist, layout_loops_cross, serial_shops,
          nicolae_diamond_shop, nicolae_concentric_dashed_squares_wild
D:2:      layout_loops_cross, basic_altar, shapermc_ecumenical_altar_venn,
          serial_shops, nicolae_shop_hallway_plus,
          chequers_serial_rivers_room_a, chequers_serial_rivers_micro_e
D:3:      layout_basic, serial_shops, shop, minmay_misc_feat_chi, uniq_terence
D:4:      layout_cave_pods, nicolae_ru_sacrificial_ziggurat,
          hangedman_abyss_or_decor_lesser_grid

Skill      XL: |  1  2  3  4  5 |
---------------+----------------+-----
Invocations    | 3 4 |  4.0
Spellcasting   | 1 |  1.7
Shields        | 1 3 4 |  4.2
Fighting       | |  3.0
Maces & Flails | |  1.7
Armour         | |  1.7
Dodging        | |  0.8

Action                   |  1- 3 |  4- 6 || total
-------------------------+-------+-------++-------
Melee: Mace              |    91 |   108 ||   199
       Kick              |    16 |    29 ||    45
Invok: Depart the Abyss  |     1 |       ||     1
       Bend Space        |       |     1 ||     1
  Use: Scroll            |     3 |     3 ||     6
       Potion            |       |     3 ||     3
 Stab: Sleeping          |     3 |       ||     3
Armor: Leather armour    |    25 |    19 ||    44
       Ring mail         |     4 |    16 ||    20
Dodge: Dodged            |    43 |    27 ||    70
Block: Kite shield       |    13 |    83 ||    96
       Other             |     7 |       ||     7

Table legend: (Time is in decaauts)
 A = Elapsed time spent in this place.
 B = Non-inter-level travel time spent in this place.
 C = Inter-level travel time spent in this place.
 D = Time resting spent in this place.
 E = Time spent auto-exploring this place.
 F = Levels seen in this place.
 G = Mean time per level.
                   A        B        C        D        E       F      G
               +--------+--------+--------+--------+--------+-----+--------+
         Total |   3594 |   3498 |     96 |      0 |   2840 |   5 |  718.8 |
       Dungeon |   3520 |   3424 |     96 |      0 |   2769 |   4 |  880.0 |
         Abyss |     74 |     74 |      0 |      0 |     71 |   1 |   74.0 |
               +--------+--------+--------+--------+--------+-----+--------+

Top non-repeatable levels by time:
     D:1: 1269 daAuts
     D:2: 955 daAuts
     D:3: 865 daAuts
     D:4: 429 daAuts
 Abyss:1: 74 daAuts
